AoeStats
← SS_BLaH

Nomad

506114566Analyzed
4v4 RM · 20d ago on Sep 12, 2026· 24m 25s· 8 players
Game mode
Random Map
Map size
231×231
Population
200
Speed
Normal
Resources
Standard
Victory
Conquest
Starting age
Dark Age
Ending age
Imperial Age
RankedLock teamsTeams togetherTeam positionsShared explorationLock speedFull tech treeHidden civsTurbo modeCheats
Victory
Defeat
🇩🇪 Spanish · Germany
903
+14
🇸🇪 Persians · Sweden
895
+15
🇩🇪 Franks · Germany
876
+15
🇿🇦 Japanese · South Africa
866
+16
🇬🇧 Spanish · United Kingdom
912
-17
🇬🇧 Italians · United Kingdom
910
-17
🇹🇷 Khmer · Türkiye
821
-13
🇧🇷 Dravidians · Brazil
809
-13
Gimli der Geier
14:46 Feudal Age
15:33 Fishing Lines
15:56 Double-Bit Axe
19:41 Castle Age
17:50 Horse Collar
20:17 Gold Mining
20:48 Bow Saw
21:27 Heavy Plow
Hurgha
3:09 Loom
14:47 Feudal Age
15:24 Town Watch
16:46 Fishing Lines
24:09 Castle Age
25:16 Wheelbarrow
24:34 Fletching
kHaNbHaI
8:36 Loom
14:05 Feudal Age
14:36 Double-Bit Axe
20:20 Wheelbarrow
21:26 Gold Mining
21:28 Stone Mining
26:31 Castle Age
Link
5:28 Loom
17:36 Feudal Age
24:42 Castle Age
23:55 Stone Mining
23:55 Gold Mining
Leard
5:29 Loom
12:21 Feudal Age
17:28 Castle Age
16:36 Horse Collar
18:06 Double-Bit Axe
19:47 Fletching
gazza17
12:12 Loom
15:15 Feudal Age
20:17 Castle Age
18:08 Double-Bit Axe
19:02 Fletching
19:13 Padded Archer Armor
19:32 Gold Mining
Lucien
15:40 Feudal Age
16:27 Fishing Lines
16:36 Double-Bit Axe
22:24 Castle Age
SS_BLaH
4:57 Loom
15:12 Feudal Age
15:28 Man-at-Arms
19:57 Fletching
20:10 Scale Mail Armor
20:21 Forging
20:01 Double-Bit Axe
20:15 Gold Mining
20:17 Stone Mining
25:02 Castle Age
Connection lost

Rejoining the realm…

Still unreachable

The connection could not be restored.

Session expired

The server has moved on; the page needs a fresh start.